 Dungeon Crawl Stone Soup version 0.29-a0-1052-g6990b1bffc (webtiles) character file.

Game seed: 15938787361628521225

2 Keybladegaming the Cudgeller (level 1, 19/19 HPs)
             Began as a Meteoran Cinder Acolyte on Aug 17, 2022.
             Was an Initiate of Ru.
             Quit the game on level 1 of the Dungeon.
             The game lasted 00:03:20 (74 turns).

Keybladegaming the Cudgeller (MeCA)                   Turns: 74, Time: 00:03:21

Health: 19/19      AC:  2    Str: 15    XL:     1   Next: 57%
Magic:  3/3        EV: 11    Int: 15    God:    Ru [......]
Gold:   14         SH:  0    Dex:  9    Spells: 2/2 levels left

rFire   . . .      SeeInvis .   a - -1 mace (flame)
rCold   . . .      Faith    .   (no shield)
rNeg    . . .      Spirit   .   b - +0 robe
rPois   .          Reflect  .   (no helmet)
rElec   .          Harm     .   (no cloak)
rCorr   .          Rampage  .   (no gloves)
Will    .....                   (no boots)
Stlth   +.........              (no amulet)
HPRegen 0.06/turn               (no ring)
MPRegen 0.08/turn               (no ring)

@: glowing, fire susceptible
A: sense surroundings 1, otherworldly, glowing, explore regen
a: Renounce Religion, Sacrifice Arcana, Sacrifice Nimbleness, Sacrifice an Eye,
Reject Sacrifices


You were on level 1 of the Dungeon.
You worshipped Ru.
Ru was noncommittal.
You visited 1 branch of the dungeon, and saw 1 of its levels.

You collected 14 gold pieces.

Inventory:

Hand Weapons
 a - a -1 mace of flaming (weapon)
Armour
 b - a +0 robe (worn)
Scrolls
 c - a scroll of poison {unknown}
Potions
 d - a potion of curing {unknown}


   Skills:
 + Level 3.2 Fighting
 + Level 4.0 Maces & Flails
 + Level 1.3 Spellcasting
 + Level 3.8 Fire Magic


You had 2 spell levels left.
You didn't know any spells.
Your spell library contained the following spells:

 Spells                   Type           Power      Damage    Failure   Level
 Scorch                   Fire           24%        2d6       8%          2


Dungeon Overview and Level Annotations

Branches:
Dungeon (1/15) Zot: 515

Altars:
Ru


Innate Abilities, Weirdness & Mutations

You passively map a small area around you.
You are easily found by Zot.
You glow in the dark.
You regain HP and MP as you explore.


Message History

You barely miss the bat. The bat hits you but does no damage.
The bat closely misses you.
You miss the bat. The bat hits you but does no damage.
The bat barely misses you.
You barely miss the bat. The bat completely misses you.
A bat is nearby!
There is a faded altar of an unknown god here.
There are no items here.
You cannot tell which god this altar belongs to.
Convert to them anyway?
Uppercase [Y]es or [N]o only, please.
You cannot tell which god this altar belongs to.
Convert to them anyway?
Really abandon Ignis for an unknown god?
Ru accepts your prayer!
You have lost your religion!
Ignis blazes with a vengeful fury!
Ignis burns away your resistance to fire.
Ru welcomes you! The bat barely misses you.
The bat hits you but does no damage. x2
You sock the bat! You burn the bat.
You kill the bat!
There is a sacrificial altar of Ru here.
Ru believes you are ready to make a new sacrifice.
There is a sacrificial altar of Ru here.
There are no items here.
There are no items here.
There are no items here.
You offer a prayer to Ru.
Unknown command.
Press < or > to pray at altars.
You offer a prayer to Ru.
You offer a prayer to Ru.
You offer a prayer to Ru.
You offer a prayer to Ru.
You offer a prayer to Ru.
You offer a prayer to Ru.
You offer a prayer to Ru.
You offer a prayer to Ru.
You offer a prayer to Ru.
Are you sure you want to abandon this character and quit the game? (Confirm with "yes".)

,
.......⌠..~~≈'.⌠.'
,
.........~~~≈#...#
,
........~~≈#+###.#
*#.......~≈≈+,,
+.. #.#.....~≈≈+ ,
##+
#.##....~≈≈#+#+#
#.###...~≈≈≈≈≈≈≈
#.# #...~≈≈≈≈≈≈≈
#@# #...~~~~≈~~~~
#.# ###.........
#†# ##.........
#.# ##..........
#.###...........
#...............
#####...........
##..........,
##...#.....


There were no monsters in sight!

Vanquished Creatures
  A bat (D:1)
  A ball python (D:1)
  A frilled lizard (D:1)
3 creatures vanquished.

Notes
Turn   | Place    | Note
-------+----------+-------------------------------------------
     0 | D:1      | Keybladegaming the Meteoran Cinder Acolyte began the quest
                  | for the Orb.
     0 | D:1      | Reached XP level 1. HP: 19/19 MP: 3/3
    54 | D:1      | Found a faded altar of an unknown god.
    66 | D:1      | Prayed at the altar of an unknown god.
    66 | D:1      | Fell from the grace of Ignis
    66 | D:1      | Became a worshipper of Ru the Awakened
    74 | D:1      | Quit the game

Illustrated notes

Levels and vault maps discovered:
D:1:      dpeg_arrival_castle, layout_rooms, ebering_ecumenical_altar_hall

Action                   || total
-------------------------++-------
Melee: Mace              ||    15
Armor: Robe              ||    14
Dodge: Dodged            ||    21

Table legend: (Time is in decaauts)
 A = Elapsed time spent in this place.
 B = Non-inter-level travel time spent in this place.
 C = Inter-level travel time spent in this place.
 D = Time resting spent in this place.
 E = Time spent auto-exploring this place.
 F = Levels seen in this place.
 G = Mean time per level.
                   A        B        C        D        E       F      G
               +--------+--------+--------+--------+--------+-----+--------+
         Total |     84 |     82 |      2 |      0 |      0 |   1 |   84.0 |
       Dungeon |     84 |     82 |      2 |      0 |      0 |   1 |   84.0 |
               +--------+--------+--------+--------+--------+-----+--------+

Top non-repeatable levels by time:
     D:1: 84 daAuts
